 Dungeon Crawl Stone Soup version 0.30-a0-881-g1ff12e1e11 (webtiles) character file.

Game seed: 11702322793361394410

240 retardedninja the Covered (level 5, -2/48 HPs)
             Began as an Armataur Fighter on Mar 14, 2023.
             Killed from afar by an orc wizard (10 damage)
             ... with a puff of flame
             ... on level 2 of the Dungeon.
             The game lasted 00:02:14 (1646 turns).

retardedninja the Covered (Armataur Fighter)        Turns: 1646, Time: 00:02:15

Health: -2/48      AC:  7    Str: 24    XL:     5   Next: 79%
Magic:  5/5        EV:  7    Int:  8    God:
Gold:   73         SH:  4    Dex:  9    Spells: 4/4 levels left

rFire   . . .      SeeInvis .    a - +0 war axe
rCold   . . .      Faith    .    c - +0 buckler
rNeg    . . .      Spirit   .    b - +0 scale mail
rPois   .          Reflect  .    (no helmet)
rElec   .          Roll     +    (no cloak)
rCorr   .                        (no gloves)
Will    .....                    (no barding) Stlth
                                 (no amulet)
HPRegen 0.28/turn                (no ring)
MPRegen 0.09/turn                (no ring)

@: mighty
A: large, rugged brown scales 3, deformed body, armoured tail, roll, long
tongue, awkward tongue
a: no special abilities


You were on level 2 of the Dungeon.
You visited 1 branch of the dungeon, and saw 2 of its levels.

You collected 73 gold pieces.

Inventory:

Hand Weapons
 a - a +0 war axe (weapon)
Armour
 b - a +0 scale mail (worn)
 c - a +0 buckler (worn)
Scrolls
 h - a scroll of identify {unknown}
 i - 2 scrolls of teleportation {unknown}
 j - a scroll of enchant armour {unknown}
Potions
 f - a potion of attraction {unknown}
 g - a potion of magic {unknown}
 k - 2 potions of lignification {unknown}


   Skills:
 + Level 3.6 Fighting
 * Level 3.4 Axes
 + Level 4.8 Armour
 + Level 4.3 Shields


You had 4 spell levels left.
You didn't know any spells.
Your spell library was empty.

Dungeon Overview and Level Annotations

Branches:
Dungeon (2/15)

Altars:


Innate Abilities, Weirdness & Mutations

You are completely covered in rugged brown scales. (AC +3, +7% HP)
Armour fits poorly on your strangely shaped body.
You have a long armoured tail.
You roll when moving toward enemies. (Rampage)
Your long tongue fully drains potion bottles. (2x potion effects)
Your tongue gives you trouble enunciating. (1.5x scroll delay)


Message History

The orc priest is heavily wounded.
You closely miss something. You hit the orc.
You kill the orc!
The orc priest casts a cantrip, but nothing happens.
The orc hits you from afar with a +0 trident.
Something hits you but does no damage.
The orc priest invokes the aid of Beogh against you.
Beogh smites you! Something hits you.
The orc hits you from afar with a +0 trident.
* * * LOW HITPOINT WARNING * * *
You slash the orc priest!
You kill the orc priest!
You miss something. The orc hits you but does no damage.
Something hits you but does no damage.
Unknown command.
Something hits you but does no damage. The orc barely misses you.
Things that are here:
a +0 club; a +0 ring mail You slash the orc!
You kill the orc!
You barely miss something. Something hits you.
* * * LOW HITPOINT WARNING * * *
You miss something.
Your tail-slap misses something.
You hear some strange, mumbled words.
Something tries to affect you, but you resist.
Something hits you but does no damage.
You closely miss something. Something hits you.
* * * LOW HITPOINT WARNING * * *
You barely miss something.
Your tail-slap misses something.
Something hits you.
* * * LOW HITPOINT WARNING * * *
You closely miss something. Something hits you but does no damage.
You hear some strange, mumbled words.
A magic dart appears from out of thin air!
The magic dart hits you.
* * * LOW HITPOINT WARNING * * *
You barely miss something.
You hear some strange, mumbled words.
A puff of flame appears from out of thin air!
The puff of flame hits you!
You die...

.............#####.##.....
..
############.####..##..#
##. ## #...........# #..
.# #..#######..# #.. ##
#.###$⌠$###.# #.. #
#.##.....##.###### #..
#.#.......#......###..
#.#...{...#...........
#.#..@....#..###.####.
#.#.)))...#..###(####.
#.#.......#...........
#.#.......#..###......
#.#.......#..# #######
#............# ###
####....####.# #.>
#.######.#.## #.# #.# #..
# #. #.#


There were no monsters in sight!

Vanquished Creatures
  Sigmund (D:2)
  An orc priest (D:2)
  3 adders (D:2)
  3 orcs (D:2)
  6 ball pythons
  An endoplasm (D:1)
  A giant cockroach (D:1)
  3 goblins
  2 hobgoblins (D:1)
  4 kobolds
  2 bats
  3 frilled lizards
  5 rats
35 creatures vanquished.

Notes
Turn   | Place    | Note
-------+----------+-------------------------------------------
     0 | D:1      | retardedninja the Armataur Fighter began the quest for the
                  | Orb.
     0 | D:1      | Reached XP level 1. HP: 19/19 MP: 1/1
    26 | D:1      | Found Leawn's Magic Scroll Emporium.
   135 | D:1      | Reached XP level 2. HP: 26/26 MP: 2/2
   855 | D:2      | Reached XP level 3. HP: 29/32 MP: 3/3
   871 | D:2      | Noticed Sigmund
   882 | D:2      | Killed Sigmund
   883 | D:2      | Reached XP level 4. HP: 26/40 MP: 4/4
   883 | D:2      | Reached XP level 5. HP: 31/48 MP: 5/5
  1225 | D:2      | Found a faded altar of an unknown god.
  1646 | D:2      | Killed from afar by an orc wizard

Illustrated notes

Levels and vault maps discovered:
D:1:      roderic_octagonal_star, layout_rooms, serial_shops, shop
D:2:      cheibrodos_pilgrimage, layout_loops_ring,
          ebering_ecumenical_altar_ruins, basic_altar, minmay_puff, uniq_sigmund

Skill      XL: |  1  2  3 |
---------------+----------+-----
Axes           | 2 3 |  3.4
Fighting       | 3 |  3.6
Armour         | 4 |  4.8
Shields        | 4 |  4.3

Action                     |  1- 3 |  4- 6 || total
---------------------------+-------+-------++-------
  Melee: War axe           |    97 |    44 ||   141
         Tailslap          |     4 |     5 ||     9
    Use: Potion            |       |     3 ||     3
 Armour: Scale mail        |    66 |    35 ||   101
  Dodge: Dodged            |    41 |    24 ||    65
  Block: Buckler           |    20 |     5 ||    25

Table legend: (Time is in decaauts)
 A = Elapsed time spent in this place.
 B = Non-inter-level travel time spent in this place.
 C = Inter-level travel time spent in this place.
 D = Time resting spent in this place.
 E = Time spent auto-exploring this place.
 F = Levels seen in this place.
 G = Mean time per level.
                   A        B        C        D        E       F      G
               +--------+--------+--------+--------+--------+-----+--------+
         Total |   1704 |   1678 |     26 |    589 |    786 |   2 |  852.0 |
       Dungeon |   1704 |   1678 |     26 |    589 |    786 |   2 |  852.0 |
               +--------+--------+--------+--------+--------+-----+--------+

Top non-repeatable levels by time:
     D:2: 1072 daAuts
     D:1: 632 daAuts
